Map: [ESL] Oceanborn

Players

Reynor

  • Race: Zerg Zerg
  • Spawn Location: 11:00

herO - Winner!

  • Race: Protoss Protoss
  • Spawn Location: 5:00

Event: ESL Spring 2024 Finals

VOD

Have the link to the VOD?

Description

Time

  • Played on: May 31, 2024, 3:24 p.m.
  • Length: 10:31

All games in this series

Show
View Real Time Build Order
Export as new Build Order

Reynor Zerg 

Build Orders: Hatch First, Lurkers 

Get SALT Encoding   

  12  0:00  Drone  
  13  0:11  Overlord  
  13  0:16  Drone  
  14  0:30  Drone x2  
  16  0:46  Hatchery  
  15  0:50  Drone  
  15  0:54  Drone  
  17  0:57  Drone  
  18  1:08  Extractor  
  17  1:12  Spawning Pool  
  17  1:15  Drone  
  17  1:18  Drone  
  18  1:27  Drone  
  19  1:38  Drone  
  20  1:48  Drone  
  21  1:58  Queen  
  21  1:59  Queen, Overlord  
  21  2:00  Drone  
  26  2:09  Zergling x2  
  26  2:10  Drone  
  26  2:11  Metabolic Boost  
  28  2:20  Drone x2  
  30  2:30  Drone  
  30  2:31  Drone  
  30  2:34  Hatchery  
  31  2:42  Overlord  
  31  2:43  Drone  
  32  2:46  Queen  
  34  2:53  Drone x2  
  36  2:59  Queen  
  36  3:04  Drone x2  
  36  3:05  Overlord  
  40  3:09  Drone x2  
  40  3:11  Zergling x4  
  44  3:17  Overlord  
  44  3:23  Queen  
  44  3:25  Drone x2  
  47  3:28  Overlord  
  47  3:30  Drone  
  48  3:35  Queen  
  48  3:39  Drone x2  
  52  3:43  Zergling x6  
  52  3:48  Drone  
  56  3:50  Queen  
  56  3:53  Spore Crawler  
  56  3:54  Drone  
  58  3:56  Drone  
  58  3:57  Drone  
  58  3:59  Drone  
  63  4:02  Drone x2  
  63  4:05  Spore Crawler  
  63  4:06  Drone  
  63  4:11  Lair  
  63  4:14  Overlord  
  63  4:16  Drone  
  64  4:17  Drone  
  64  4:18  Drone  
  65  4:24  Extractor  
  65  4:25  Drone  
  65  4:26  Drone  
  65  4:28  Drone x2  
  65  4:32  Drone x3  
  65  4:34  Evolution Chamber  
  65  4:36  Overlord  
  65  4:37  Drone x2  
  71  4:38  Drone  
  71  4:45  Drone x2  
  73  4:47  Roach Warren, Extractor  
  73  4:48  Drone x2  
  73  4:50  Overlord  
  73  4:55  Drone x3  
  73  4:58  Zergling x4  
  73  4:59  Overlord  
  78  5:01  Zerg Missile Weapons Level 1  
  78  5:02  Zergling x4  
  78  5:05  Zergling x2  
  81  5:07  Overlord  
  81  5:09  Zergling x6  
  81  5:11  Drone  
  85  5:14  Infestation Pit  
  85  5:17  Zergling x4  
  86  5:21  Drone x4  
  86  5:24  Overlord  
  86  5:31  Drone  
  86  5:32  Drone x2  
  86  5:33  Drone x2  
  86  5:35  Drone x3  
  87  5:38  Drone  
  87  5:41  Drone  
  89  5:44  Drone  
  89  5:47  Extractor  
  89  5:48  Extractor  
  89  5:49  Extractor  
  87  5:53  Drone  
  87  5:54  Drone  
  87  5:55  Hive  
  87  5:56  Drone  
  90  5:57  Hatchery  
  90  5:58  Drone  
  90  5:59  Drone  
  91  6:05  Hydralisk Den  
  91  6:06  Drone x4, Extractor  
  91  6:07  Overlord  
  91  6:10  Zergling x8  
  97  6:15  Hatchery  
  95  6:20  Zergling x10  
  95  6:23  Overlord  
  100  6:25  Zergling x2  
  100  6:26  Zergling x2  
  100  6:31  Overlord  
  102  6:36  Drone, Muscular Augments  
  102  6:38  Lurker Den  
  102  6:39  Hatchery  
  101  6:41  Overlord  
  101  6:46  Drone  
  101  6:54  Hydralisk x7  
  101  6:56  Zergling x2  
  101  6:59  Overlord  
  101  7:01  Zergling x2, Hydralisk  
  116  7:02  Zergling x2  
  116  7:05  Hydralisk  
  120  7:09  Hydralisk  
  120  7:14  Zergling x2, Hydralisk  
  120  7:15  Zergling x2  
  126  7:16  Overlord  
  126  7:21  Hydralisk  
  126  7:22  Zergling x6  
  131  7:24  Hatchery  
  130  7:30  Overlord  
  130  7:34  Zergling x12  
  136  7:37  Seismic Spines  
  136  7:40  Grooved Spines  
  136  7:42  Overlord  
  136  7:50  Zergling x2, Hydralisk  
  136  7:51  Zergling x8  
  141  7:53  Zergling x4  
  139  8:03  Zergling x8  
  142  8:11  Lurker  
  142  8:12  Lurker x7  
  150  8:13  Zergling x16  
  150  8:16  Hydralisk  
  159  8:20  Hydralisk  
  159  8:25  Hydralisk  
  159  8:26  Zergling x8  
  165  8:33  Hydralisk  
  163  8:36  Extractor x2  
  158  8:41  Hydralisk  
  158  8:42  Zergling x16  
  158  8:45  Hydralisk  
  158  8:46  Hydralisk  
  154  8:51  Hydralisk  
  154  8:54  Hydralisk  
  154  8:55  Zergling x6  
  148  9:01  Hydralisk x2  
  114  9:03  Hydralisk  
  114  9:07  Lurker  
  114  9:08  Lurker  
  106  9:10  Lurker  
  106  9:11  Hydralisk  
  106  9:12  Zergling x18  
  118  9:20  Adaptive Talons  
  118  9:31  Queen, Lurker x3  
  120  9:33  Drone x4  
  120  9:34  Lurker  
  127  9:42  Lurker  
  127  9:43  Drone x2  
  127  9:44  Drone, Lurker  
  127  9:45  Drone x3  
  127  9:48  Drone x3  
  127  9:50  Lurker  
  127  9:52  Hydralisk x2  
  131  9:56  Hydralisk x2  
  131  9:58  Zergling x2  
  140  10:03  Hydralisk x2  
  144  10:07  Lurker  
  144  10:13  Zergling x10  
Show
View Real Time Build Order
Export as new Build Order

herO Protoss - Winner!

Build Orders: 1 Gate Expand, Oracle Opening, Archon Immortal 

Get SALT Encoding   

  12  0:00  Probe  
  13  0:12  Probe  
  14  0:17  Pylon  
  14  0:24  Probe (Chrono Boost)  
  15  0:30  Assimilator  
  16  0:36  Probe (Chrono Boost)  
  16  0:43  Probe (Chrono Boost)  
  16  0:46  Gateway  
  17  0:50  Probe  
  18  1:03  Probe  
  19  1:15  Probe  
  20  1:23  Nexus  
  20  1:33  Cybernetics Core  
  20  1:36  Probe  
  21  1:41  Assimilator  
  21  1:48  Probe  
  21  1:51  Pylon  
  22  2:00  Probe (Chrono Boost)  
  23  2:09  Adept, Warp Gate  
  23  2:12  Probe (Chrono Boost)  
  26  2:15  Stargate  
  26  2:19  Probe (Chrono Boost)  
  27  2:26  Probe (Chrono Boost)  
  30  2:37  Probe (Chrono Boost)  
  30  2:38  Probe (Chrono Boost)  
  30  2:39  Stalker  
  33  2:44  Probe (Chrono Boost)  
  33  2:45  Probe (Chrono Boost)  
  33  2:49  Probe (Chrono Boost)  
  34  2:53  Probe  
  34  2:58  Oracle (Chrono Boost)  
  36  3:01  Probe  
  36  3:02  Pylon  
  36  3:05  Probe  
  41  3:08  Adept  
  43  3:14  Probe  
  43  3:17  Probe  
  45  3:23  Gateway  
  45  3:24  Pylon  
  45  3:27  Probe  
  46  3:29  Probe  
  46  3:30  Oracle (Chrono Boost)  
  50  3:39  Probe  
  53  3:41  Probe  
  54  3:53  Nexus  
  52  3:56  Probe x2  
  52  3:57  Pylon  
  52  4:00  Adept  
  56  4:03  Oracle (Chrono Boost)  
  56  4:08  Probe x2  
  61  4:11  Assimilator  
  61  4:18  Adept  
  61  4:22  Twilight Council  
  63  4:29  Adept  
  63  4:30  Probe x2  
  67  4:36  Pylon  
  67  4:42  Forge  
  67  4:46  Blink (Chrono Boost), Adept  
  67  4:51  Probe (Chrono Boost)  
  70  4:54  Probe (Chrono Boost)  
  70  4:55  Shield Battery  
  71  5:00  Gateway x2  
  71  5:01  Protoss Ground Weapons Level 1 (Chrono Boost)  
  71  5:03  Probe (Chrono Boost)  
  71  5:06  Probe (Chrono Boost)  
  73  5:11  Probe (Chrono Boost)  
  73  5:12  Probe (Chrono Boost)  
  75  5:18  Probe  
  75  5:20  Probe  
  77  5:30  Probe  
  77  5:32  Stalker x2, Probe  
  77  5:33  Probe  
  80  5:42  Probe  
  73  5:44  Gateway x2  
  73  5:45  Gateway, Probe x2  
  73  5:46  Shield Battery  
  73  5:49  Gateway, Pylon  
  75  5:54  Probe  
  75  5:55  Pylon  
  75  5:57  Assimilator, Probe  
  77  5:59  Probe  
  77  6:01  Stalker x3  
  84  6:04  Pylon  
  84  6:05  Assimilator  
  84  6:07  Assimilator, Stalker  
  84  6:10  Probe x2  
  88  6:14  Pylon  
  88  6:16  Probe  
  88  6:18  Robotics Facility  
  89  6:23  Probe x2  
  91  6:26  Pylon  
  91  6:27  Stalker x2  
  91  6:30  Stalker  
  91  6:31  Stalker  
  99  6:33  Probe  
  100  6:41  Zealot, Stalker  
  100  6:42  Stalker  
  100  6:45  Charge  
  106  6:47  Forge  
  106  6:51  Photon Cannon  
  106  6:54  Protoss Ground Weapons Level 2 (Chrono Boost)  
  106  6:58  Stalker x2  
  110  7:01  Pylon  
  110  7:11  Immortal (Chrono Boost)  
  114  7:16  Robotics Bay  
  114  7:19  Robotics Facility  
  114  7:24  Zealot x6  
  126  7:35  Pylon  
  126  7:42  Observer  
  126  7:43  Protoss Ground Armor Level 1  
  127  7:44  Pylon  
  127  7:46  Pylon  
  127  7:47  Zealot x4  
  127  7:48  Zealot x2  
  139  7:51  Templar Archives  
  137  8:01  Stalker  
  137  8:02  Stalker  
  135  8:06  Colossus (Chrono Boost)  
  135  8:12  Colossus (Chrono Boost)  
  147  8:13  Zealot x2  
  147  8:17  Zealot x2  
  155  8:23  Pylon  
  155  8:33  Zealot  
  157  8:34  Zealot x4  
  165  8:49  Observer (Chrono Boost)  
  165  8:51  Stalker x3, Observer  
  165  8:52  Observer (Chrono Boost)  
  158  8:57  Zealot x5  
  158  9:00  Probe x2  
  158  9:01  Probe  
  137  9:06  Immortal  
  139  9:10  Immortal (Chrono Boost)  
  139  9:16  Photon Cannon  
  143  9:19  Shield Battery  
  143  9:20  High Templar x3, Pylon  
  143  9:23  High Templar  
  151  9:30  Zealot  
  146  9:31  Zealot x3  
  150  9:46  Immortal (Chrono Boost)  
  150  9:47  Observer (Chrono Boost), Photon Cannon  
  150  9:49  Archon  
  150  9:50  Archon  
  155  9:54  Pylon  
  155  10:02  Zealot x5, High Templar x2  
  155  10:06  Archon  
  169  10:07  Zealot  
Tags
 
Add a new tag
Caveats
  • Supply blocks, unpowered buildings, or Contaminate may cause inaccurate times.
  • Supply counts are checked every 10 seconds.